SAAA
VERMONT LAKE MONSTERS @ CALGARY LYNX
08/23/2028
 
TOP OF THE 1ST
Vermont Lake Monsters batting - Pitching for Calgary Lynx : LHP Octávio Fernández
Pitching: LHP Octávio Fernández
Batting: RHB Rodrigo Velasco 0-0: Called Strike
0-1: Called Strike
0-2: Ball
1-2: Foul Ball, location: 2F
1-2: Fly out, F2 (Popup, 15S)
Batting: RHB Gene Lucero 0-0: Ball
1-0: Ball
2-0: Ball
3-0: Called Strike
3-1: Called Strike
3-2: Ground out 5-3 (Groundball, 56)
Batting: RHB Zelmar Barajas 0-0: Called Strike
0-1: Ball
1-1: Swinging Strike
1-2: Ball
2-2: Strikes out swinging
Top of the 1st over - 0 run(s), 0 hit(s), 0 error(s), 0 left on base; Vermont 0 - Calgary 0
BOTTOM OF THE 1ST
Calgary Lynx batting - Pitching for Vermont Lake Monsters : RHP Stewart Fleming
Pitching: RHP Stewart Fleming
Batting: RHB Logan Namajunas 0-0: Ball
1-0: Ground out 5-3 (Groundball, 56)
Batting: LHB Daniel García 0-0: Called Strike
0-1: Ball
1-1: Ground out 3-1 (Groundball, 34)
Batting: RHB Gilberto Rodríguez 0-0: Ball
1-0: Ball
2-0: Ground out 5-3 (Groundball, 56S)
Bottom of the 1st over - 0 run(s), 0 hit(s), 0 error(s), 0 left on base; Vermont 0 - Calgary 0
TOP OF THE 2ND
Vermont Lake Monsters batting - Pitching for Calgary Lynx : LHP Octávio Fernández
Batting: LHB Arturo Gonzáles 0-0: Ball
1-0: Called Strike
1-1: Ball
2-1: Ground out 6-3 (Groundball, 6)
Batting: SHB Orlando Miranda 0-0: Ball
1-0: Ball
2-0: Ball
3-0: Base on Balls
Batting: RHB Luis Rodríguez 0-0: Called Strike
0-1: Ball
1-1: Called Strike
1-2: Strikes out swinging
Batting: LHB Luis Freitas 0-0: Fly out, F8 (Flyball, 8RS)
Top of the 2nd over - 0 run(s), 0 hit(s), 0 error(s), 1 left on base; Vermont 0 - Calgary 0
BOTTOM OF THE 2ND
Calgary Lynx batting - Pitching for Vermont Lake Monsters : RHP Stewart Fleming
Batting: LHB Herman Hayes 0-0: Ball
1-0: Called Strike
1-1: Ball
2-1: Called Strike
2-2: Foul Ball, location: 2F
2-2: Ball
3-2: Base on Balls
Batting: RHB Jesús Martínez 0-0: Called Strike
0-1: Grounds into double play, 4-6-3 (Groundball, 4)
Batting: LHB José León 0-0: Ball
1-0: Fly out, F6 (Popup, 6MD)
Bottom of the 2nd over - 0 run(s), 0 hit(s), 0 error(s), 0 left on base; Vermont 0 - Calgary 0
TOP OF THE 3RD
Vermont Lake Monsters batting - Pitching for Calgary Lynx : LHP Octávio Fernández
Batting: LHB Brad Tillman 0-0: Ball
1-0: SINGLE (Line Drive, 4M)
Batting: RHB José Alcalá 0-0: Ball
1-0: Foul Ball, location: 2F
1-1: Ball
2-1: Ball
3-1: Fly out, F4 (Popup, 34D)
Batting: RHB Rodrigo Velasco 0-0: Ball
1-0: Foul Ball, location: 2F
1-1: Foul Ball, location: 2F
1-2: SINGLE (Groundball, 34D)
Brad Tillman to second
Runner from 2nd tries for 3rd, OUT!
Batting: RHB Gene Lucero 0-0: Ball
1-0: Swinging Strike
1-1: Fly out, F8 (Line Drive, 8LM)
Top of the 3rd over - 0 run(s), 2 hit(s), 0 error(s), 1 left on base; Vermont 0 - Calgary 0
BOTTOM OF THE 3RD
Calgary Lynx batting - Pitching for Vermont Lake Monsters : RHP Stewart Fleming
Batting: RHB Hieu De 0-0: Swinging Strike
0-1: Ball
1-1: Swinging Strike
1-2: Ball
2-2: Strikes out swinging
Batting: RHB Bass Reeves 0-0: Called Strike
0-1: Ball
1-1: Ball
2-1: Ball
3-1: Base on Balls
Batting: RHB Michael Garrett 0-0: Ball
1-0: Grounds into double play, 5-4-3 (Groundball, 5)
Bottom of the 3rd over - 0 run(s), 0 hit(s), 0 error(s), 0 left on base; Vermont 0 - Calgary 0
TOP OF THE 4TH
Vermont Lake Monsters batting - Pitching for Calgary Lynx : LHP Octávio Fernández
Batting: RHB Zelmar Barajas 0-0: Ball
1-0: Ball
2-0: Foul Ball, location: 2F
2-1: Foul Ball, location: 2F
2-2: Hit by Pitch
Batting: LHB Arturo Gonzáles 0-0: Ball
1-0: Called Strike
1-1: SINGLE (Groundball, 6MD)
Zelmar Barajas to second
Batting: SHB Orlando Miranda 0-0: Ball
Zelmar Barajas steals 3rd base
Arturo Gonzáles to second
1-0: Called Strike
1-1: Ground out 6-3 (Groundball, 6)
Zelmar Barajas scores
Arturo Gonzáles to third
Batting: RHB Luis Rodríguez 0-0: DOUBLE (Groundball, 5L)
Arturo Gonzáles scores
Batting: LHB Luis Freitas 0-0: Ball
1-0: Called Strike
1-1: Foul Ball, location: 2F
1-2: Foul Ball, location: 2F
1-2: SINGLE (Groundball, 25) (infield hit)
Luis Rodríguez to third
Batting: LHB Brad Tillman 0-0: Ball
Luis Freitas is caught stealing 2nd base
1-0: Ground out 4-3 (Groundball, 4)
Top of the 4th over - 2 run(s), 3 hit(s), 0 error(s), 1 left on base; Vermont 2 - Calgary 0
BOTTOM OF THE 4TH
Calgary Lynx batting - Pitching for Vermont Lake Monsters : RHP Stewart Fleming
Batting: RHB Logan Namajunas 0-0: Fly out, F9 (Flyball, 9LS)
Batting: LHB Daniel García 0-0: Ball
1-0: SINGLE (Line Drive, 3L)
Batting: RHB Gilberto Rodríguez 0-0: Called Strike
0-1: Ball
1-1: Ball
2-1: SINGLE (Groundball, 34D)
Daniel García to second
Runner from 2nd tries for 3rd, SAFE, throw made to third
Batting: LHB Herman Hayes 0-0: Called Strike
0-1: Fly out, F6 (Line Drive, 6M)
Batting: RHB Jesús Martínez 0-0: Fielders Choice at 2nd, 5-4 (Groundball, 56)
Bottom of the 4th over - 0 run(s), 2 hit(s), 0 error(s), 1 left on base; Vermont 2 - Calgary 0
TOP OF THE 5TH
Vermont Lake Monsters batting - Pitching for Calgary Lynx : LHP Octávio Fernández
Batting: RHB José Alcalá 0-0: Called Strike
0-1: Ball
1-1: Ball
2-1: Fly out, F8 (Flyball, 8RS)
Batting: RHB Rodrigo Velasco 0-0: Ground out 6-3 (Groundball, 6)
Batting: RHB Gene Lucero 0-0: Fly out, F7 (Line Drive, 7)
Top of the 5th over - 0 run(s), 0 hit(s), 0 error(s), 0 left on base; Vermont 2 - Calgary 0
BOTTOM OF THE 5TH
Calgary Lynx batting - Pitching for Vermont Lake Monsters : RHP Stewart Fleming
Batting: LHB José León 0-0: Ball
1-0: Called Strike
1-1: Foul Ball, location: 2F
1-2: Foul Ball, location: 2F
1-2: Foul Ball, location: 2F
1-2: Strikes out swinging
Batting: RHB Hieu De 0-0: Foul Ball, location: 2F
0-1: Foul Ball, location: 2F
0-2: Strikes out looking
Batting: RHB Bass Reeves 0-0: Ball
1-0: Fly out, F8 (Flyball, 8RD)
Bottom of the 5th over - 0 run(s), 0 hit(s), 0 error(s), 0 left on base; Vermont 2 - Calgary 0
TOP OF THE 6TH
Vermont Lake Monsters batting - Pitching for Calgary Lynx : LHP Octávio Fernández
Batting: RHB Zelmar Barajas 0-0: Ball
1-0: Called Strike
1-1: Called Strike
1-2: Ground out 6-3 (Groundball, 56)
Batting: LHB Arturo Gonzáles 0-0: Ball
1-0: SINGLE (Groundball, 6MD)
Batting: SHB Orlando Miranda 0-0: Ball
1-0: Ball
2-0: Called Strike
2-1: Grounds into double play, 6-4-3 (Groundball, 6)
Top of the 6th over - 0 run(s), 1 hit(s), 0 error(s), 0 left on base; Vermont 2 - Calgary 0
BOTTOM OF THE 6TH
Calgary Lynx batting - Pitching for Vermont Lake Monsters : RHP Stewart Fleming
Batting: RHB Michael Garrett 0-0: Called Strike
0-1: Ball
1-1: Swinging Strike
1-2: Strikes out swinging
Batting: RHB Logan Namajunas 0-0: Ball
1-0: Swinging Strike
1-1: Foul Ball, location: 2F
1-2: Foul Ball, location: 2F
1-2: Strikes out swinging
Batting: LHB Daniel García 0-0: Called Strike
0-1: Ball
1-1: Fly out, F9 (Flyball, 9S)
Bottom of the 6th over - 0 run(s), 0 hit(s), 0 error(s), 0 left on base; Vermont 2 - Calgary 0
TOP OF THE 7TH
Vermont Lake Monsters batting - Pitching for Calgary Lynx : LHP Octávio Fernández
Batting: RHB Luis Rodríguez 0-0: Called Strike
0-1: Foul Ball, location: 2F
0-2: Foul Ball, location: 2F
0-2: Ground out U3 (Groundball, 3L)
Batting: LHB Luis Freitas 0-0: SINGLE (Groundball, 4M) (infield hit)
Batting: LHB Brad Tillman 0-0: Ball
1-0: Called Strike
Luis Freitas steals 2nd base
1-1: Swinging Strike
1-2: Foul Ball, location: 2F
1-2: Ball
2-2: Foul Ball, location: 2F
2-2: Foul Ball, location: 2F
2-2: Fly out, F8 (Flyball, 8RM)
Runner from 2nd tags up, SAFE at 3rd with throw
Batting: RHB José Alcalá 0-0: Ball
1-0: Ball
2-0: Ball
3-0: Called Strike
3-1: SINGLE (Line Drive, 7LS)
Luis Freitas scores
Batting: RHB Rodrigo Velasco 0-0: Ball
José Alcalá steals 2nd base
1-0: Ball
2-0: Ground out 6-3 (Groundball, 6)
Top of the 7th over - 1 run(s), 2 hit(s), 0 error(s), 1 left on base; Vermont 3 - Calgary 0
BOTTOM OF THE 7TH
Calgary Lynx batting - Pitching for Vermont Lake Monsters : RHP Stewart Fleming
Batting: RHB Gilberto Rodríguez 0-0: Hit by Pitch
Batting: LHB Herman Hayes 0-0: Ball
1-0: Swinging Strike
1-1: Swinging Strike
1-2: Strikes out swinging
Batting: RHB Jesús Martínez 0-0: Called Strike
0-1: Ball
1-1: Called Strike
1-2: Strikes out swinging
Batting: LHB José León 0-0: Ball
1-0: Ball
2-0: Called Strike
2-1: Called Strike
2-2: Fly out, F9 (Flyball, 9LM)
Bottom of the 7th over - 0 run(s), 0 hit(s), 0 error(s), 1 left on base; Vermont 3 - Calgary 0
TOP OF THE 8TH
Vermont Lake Monsters batting - Pitching for Calgary Lynx : LHP Octávio Fernández
Batting: RHB Gene Lucero 0-0: Called Strike
0-1: Foul Ball, location: 2F
0-2: Strikes out swinging
Batting: RHB Zelmar Barajas 0-0: Ball
1-0: Swinging Strike
1-1: Ball
2-1: Foul Ball, location: 2F
2-2: Foul Ball, location: 2F
2-2: Foul Ball, location: 2F
2-2: Ball
3-2: Fly out, F9 (Flyball, 9LS)
Batting: LHB Arturo Gonzáles 0-0: Called Strike
0-1: Ball
1-1: Foul Ball, location: 2F
1-2: Strikes out swinging
Top of the 8th over - 0 run(s), 0 hit(s), 0 error(s), 0 left on base; Vermont 3 - Calgary 0
BOTTOM OF THE 8TH
Calgary Lynx batting - Pitching for Vermont Lake Monsters : RHP Stewart Fleming
Batting: RHB Hieu De 0-0: Ground out 5-3 (Groundball, 56)
Batting: RHB Bass Reeves 0-0: Ball
1-0: Ground out 5-3 (Groundball, 56)
Batting: RHB Michael Garrett 0-0: Swinging Strike
0-1: Ball
1-1: Foul Ball, location: 2F
1-2: Ball
2-2: Strikes out swinging
Bottom of the 8th over - 0 run(s), 0 hit(s), 0 error(s), 0 left on base; Vermont 3 - Calgary 0
TOP OF THE 9TH
Vermont Lake Monsters batting - Pitching for Calgary Lynx : LHP Octávio Fernández
Pitching: RHP Domingo Velasco
Batting: SHB Orlando Miranda 0-0: Foul Ball, location: 2F
0-1: Called Strike
0-2: Fly out, F5 (Line Drive, 56)
Batting: RHB Luis Rodríguez 0-0: Called Strike
0-1: Ball
1-1: Ball
2-1: Called Strike
2-2: Foul Ball, location: 2F
2-2: Strikes out swinging
Batting: LHB Luis Freitas 0-0: Called Strike
0-1: Ball
1-1: Ball
2-1: SINGLE (Line Drive, 89S)
Batting: LHB Brad Tillman 0-0: Ball
Pickoff Throw to First - Error! E1
Luis Freitas to second
1-0: Ball
2-0: Ball
3-0: Called Strike
3-1: Fly out, F7 (Line Drive, 7)
Top of the 9th over - 0 run(s), 1 hit(s), 1 error(s), 1 left on base; Vermont 3 - Calgary 0
BOTTOM OF THE 9TH
Calgary Lynx batting - Pitching for Vermont Lake Monsters : RHP Stewart Fleming
Pitching: LHP Cherles Gachineiro
Batting: RHB Logan Namajunas 0-0: Foul Ball, location: 2F
0-1: Ball
1-1: Called Strike
1-2: Strikes out swinging
Batting: LHB Daniel García 0-0: Called Strike
0-1: Ball
1-1: Foul Ball, location: 2F
1-2: Ball
2-2: Foul Ball, location: 2F
2-2: Strikes out swinging
Batting: RHB Gilberto Rodríguez 0-0: Ball
1-0: Ball
2-0: Foul Ball, location: 2F
2-1: SINGLE (Line Drive, 78S)
Batting: LHB Herman Hayes 0-0: Called Strike
0-1: Ball
1-1: Ball
2-1: Ball
3-1: Foul Ball, location: 2F
3-2: Base on Balls
Gilberto Rodríguez to second
Batting: RHB Jesús Martínez 0-0: Called Strike
0-1: Ball
1-1: Ball
2-1: Ball
3-1: Swinging Strike
3-2: Ground out 5-3 (Groundball, 5L)
Bottom of the 9th over - 0 run(s), 1 hit(s), 0 error(s), 2 left on base; Vermont 3 - Calgary 0
Monday, August 28th, 2017 - OOTP Baseball 17.12 Build 75